 Dungeon Crawl Stone Soup version 0.29-a0-1039-gfc20370e89 (webtiles) character file.

Game seed: 394292256712360023

76 BritishOli the Trooper (level 4, -1/35 HPs)
             Began as a Demonspawn Fighter on Aug 15, 2022.
             Killed by divine providence
             ... invoked by an orc priest
              (11 damage)
             ... on level 4 of the Dungeon.
             The game lasted 00:01:35 (1260 turns).

BritishOli the Trooper (Demonspawn Fighter)         Turns: 1260, Time: 00:01:35

Health: -1/35      AC:  6    Str: 18    XL:     4   Next: 12%
Magic:  4/4        EV:  9    Int: 10    God:
Gold:   73         SH:  4    Dex: 12    Spells: 3/3 levels left

rFire   . . .      SeeInvis .   a - +0 long sword
rCold   + . .      Faith    .   c - +0 buckler
rNeg    . . .      Spirit   .   b - +0 scale mail
rPois   .          Reflect  .   (no helmet)
rElec   .          Harm     .   (no cloak)
rCorr   .          Rampage  .   (no gloves)
Will    .....                   (no boots)
Stlth   ..........              (no amulet)
HPRegen 0.11/turn               (no ring)
MPRegen 0.09/turn               (no ring)

@: no status effects
A: spiny 1, talons 1, cold resistance 1
a: no special abilities


You were on level 4 of the Dungeon.
You visited 1 branch of the dungeon, and saw 3 of its levels.

You collected 73 gold pieces.

Inventory:

Hand Weapons
 a - a +0 long sword (weapon)
Armour
 b - a +0 scale mail (worn)
 c - a +0 buckler (worn)
Scrolls
 e - a scroll of amnesia {unknown}
 f - a scroll of enchant armour {unknown}
 g - a scroll of identify {unknown}
 h - a scroll of enchant weapon {unknown}
 j - a scroll of poison {unknown}
 m - a scroll of noise {unknown}
 p - a scroll of silence {unknown}
Potions
 d - a potion of might


   Skills:
 + Level 3.5 Fighting
 + Level 2.4 Long Blades
 + Level 3.2 Armour
 + Level 3.2 Shields


You had 3 spell levels left.
You didn't know any spells.
Your spell library contained the following spells:

 Spells                   Type           Power      Damage    Failure   Level
 Ozocubu's Armour         Ice            0%         N/A       99%         3
 Metabolic Englaciation   Hex/Ice        0%         N/A       100%        5
 Simulacrum               Ice/Necr       0%         N/A       100%        6


Dungeon Overview and Level Annotations

Branches:
Dungeon (2/15)

Altars:


Innate Abilities, Weirdness & Mutations

You are partially covered in sharp spines.
You have sharp toenails.
Your flesh is cold resistant. (rC+)


Message History

You feel clever.
You closely miss the ball python. Your kick misses the ball python.
The ball python is severely wounded.
The ball python bites you but does no damage.
The ball python closely misses you.
The ball python is struck by your spines.
You kill the ball python!
The ball python is struck by your spines.
The ball python barely misses you.
The ball python attacks as you move away!
The ball python is struck by your spines.
The ball python bites you but does no damage.
A dart slug comes into view.
Found a glowing fluorescent amulet and 13 gold pieces.
You see here a ball python corpse.
You closely miss the ball python. You claw the ball python.
You kill the ball python!
You hear some strange, mumbled words.
A puff of flame appears from out of thin air!
The puff of flame hits you!
There are monsters nearby!
You closely miss the orc. Your kick misses the orc.
The orc priest is struck by your spines.
The orc priest hits you with a +0 mace. The orc barely misses you.
The orc is struck by your spines. The orc barely misses you.
You closely miss the orc priest.
The orc priest is lightly wounded.
The orc priest casts a cantrip, but nothing happens.
The orc hits you but does no damage. The orc completely misses you.
You miss something. Your kick misses something.
The orc is struck by your spines. The orc hits you with a +0 mace.
* * * LOW HITPOINT WARNING * * *
Something hits you but does no damage.
You hit something. You claw something. Something hits you but does no damage.
The orc is struck by your spines.
You kill the orc!
You miss something. Your kick misses something.
The orc priest mumbles some strange prayers to Beogh against you.
Beogh smites you!
You die...

#. ### ...# ..+
..#.# ... #.#.#
#.. #.#$# #.##
#o8"# #..######
#|#w##........
#.#o#@.##
#.#{)..#
..#####o.##.##
#.......###..##.
##....##........
#....##.###.##.
#....##.# # #
#....##.# #
#....##'####.#.


You could see an orc priest.

Vanquished Creatures
  A hound (D:4)
  An adder (D:4)
  A dart slug (D:1)
  An orc (D:4)
  3 bats
  5 endoplasms
  2 giant cockroaches
  A goblin (D:4)
  2 hobgoblins
  2 kobolds (D:1)
  2 quokkas
  5 ball pythons
  A frilled lizard (D:1)
  7 rats
34 creatures vanquished.

Notes
Turn   | Place    | Note
-------+----------+-------------------------------------------
     0 | D:1      | BritishOli the Demonspawn Fighter began the quest for the
                  | Orb.
     0 | D:1      | Reached XP level 1. HP: 18/18 MP: 1/1
    87 | D:1      | Noticed a golden eye
    88 | D:1      | Found a faded altar of an unknown god.
    92 | D:1      | Noticed a floating eye
    92 | D:1      | Noticed a great orb of eyes
    92 | D:1      | Noticed a great orb of eyes
   253 | D:1      | Gained mutation: You are partially covered in sharp spines.
                  | [demonic ancestry]
   253 | D:1      | Reached XP level 2. HP: 18/24 MP: 2/2
   915 | D:2      | You fall into a shaft and drop 2 floors!
   930 | D:4      | Reached XP level 3. HP: 23/29 MP: 3/3
  1244 | D:4      | Gained mutation: You have sharp toenails. [potion of
                  | mutation]
  1244 | D:4      | Gained mutation: Your flesh is cold resistant. (rC+)
                  | [potion of mutation]
  1248 | D:4      | Reached XP level 4. HP: 22/35 MP: 4/4
  1260 | D:4      | Killed from afar by an orc priest

Illustrated notes

Levels and vault maps discovered:
D:1:      minmay_arrival_five_plusses, layout_basic,
          hellmonk_ecumenical_altar_watching_god
D:2:      layout_loops_ring, uniq_crazy_yiuf_cottage
D:4:      layout_basic, minmay_circle_x, uniq_ijyb

Skill      XL: |  1  2 |
---------------+-------+-----
Long Blades    | 2 |  2.4
Shields        | 3 |  3.2
Armour         | 3 |  3.2
Fighting       | |  3.5

Action                   |  1- 3 |  4- 6 || total
-------------------------+-------+-------++-------
Melee: Long sword        |    80 |     7 ||    87
       Kick              |       |     2 ||     2
  Use: Potion            |     5 |       ||     5
Armor: Scale mail        |    43 |     5 ||    48
       Skin              |     3 |       ||     3
Dodge: Dodged            |    35 |     5 ||    40
Block: Buckler           |    20 |       ||    20

Table legend: (Time is in decaauts)
 A = Elapsed time spent in this place.
 B = Non-inter-level travel time spent in this place.
 C = Inter-level travel time spent in this place.
 D = Time resting spent in this place.
 E = Time spent auto-exploring this place.
 F = Levels seen in this place.
 G = Mean time per level.
                   A        B        C        D        E       F      G
               +--------+--------+--------+--------+--------+-----+--------+
         Total |   1288 |   1280 |      8 |      0 |   1046 |   3 |  429.3 |
       Dungeon |   1288 |   1280 |      8 |      0 |   1046 |   3 |  429.3 |
               +--------+--------+--------+--------+--------+-----+--------+

Top non-repeatable levels by time:
     D:1: 768 daAuts
     D:4: 354 daAuts
     D:2: 165 daAuts
